AoeStats
← engincetin585858

Arabia

509063485Analyzed
1v1 RM · 8d ago on Sep 25, 2026· 52m 15s· 2 players
Game mode
Random Map
Map size
Tiny (2 player)
Population
200
Speed
Normal
Resources
Standard
Victory
Conquest
Starting age
Dark Age
Ending age
Imperial Age
RankedLock teamsTeams togetherTeam positionsShared explorationLock speedFull tech treeHidden civsTurbo modeCheats
Victory
Defeat
🇹🇷 Magyars · Türkiye
1568
+10
🇺🇸 Varangians · United States
1442
-10
engincetin585858
6:27 Loom
9:14 Feudal Age
9:48 Double-Bit Axe
10:38 Horse Collar
21:53 Castle Age
19:57 Gold Mining
20:18 Fletching
21:09 Bloodlines
21:20 Padded Archer Armor
22:39 Bodkin Arrow
23:46 Leather Archer Armor
25:24 Husbandry
28:42 Ballistics
30:59 Thumb Ring
36:22 Imperial Age
36:16 Scale Barding Armor
37:10 Bracer
38:13 Chemistry
39:21 Light Cavalry
39:55 Cavalier
40:55 Bow Saw
40:49 Heavy Plow
41:28 Wheelbarrow
43:03 Chain Barding Armor
43:02 Stone Mining
44:44 Plate Barding Armor
44:40 Ring Archer Armor
47:24 Paladin
48:35 Hand Cart
49:20 Parthian Tactics
49:15 Heavy Cavalry Archer
51:34 Conscription
52:36 Recurve Bow
Wonderphil
6:29 Loom
9:25 Feudal Age
11:25 Bloodlines
13:49 Double-Bit Axe
20:29 Castle Age
18:57 Gold Mining
18:54 Horse Collar
19:11 Fletching
20:20 Padded Archer Armor
21:08 Bodkin Arrow
21:18 Husbandry
22:32 Bow Saw
26:47 Ballistics
26:46 Leather Archer Armor
29:43 Wheelbarrow
28:53 Town Watch
31:38 Stone Mining
31:52 Heavy Plow
32:27 Elite Skirmisher
33:57 Elite Skirmisher
40:25 Imperial Age
39:26 Scale Mail Armor
39:29 Squires
41:26 Bracer
41:58 Gambesons
43:15 Chain Mail Armor
44:53 Ring Archer Armor
46:53 Plate Mail Armor
46:57 Forging
48:27 Chemistry
49:30 Elite Varangian Guard
50:53 Scale Barding Armor
Connection lost

Rejoining the realm…

Still unreachable

The connection could not be restored.

Session expired

The server has moved on; the page needs a fresh start.